 Dungeon Crawl Stone Soup version 0.19.5 (webtiles) character file.

147 tof the Conjurer (level 5, -4/28 HPs)
             Began as a Deep Elf Conjurer on Mar 12, 2017.
             Killed by nerve-wracking pain
             ... invoked by Menkaure
              (13 damage)
             ... on level 4 of the Dungeon.
             The game lasted 00:12:46 (3846 turns).

tof the Conjurer (Deep Elf Conjurer)                Turns: 3846, Time: 00:12:46

Health: -4/28      AC:  2    Str:  6    XL:     5   Next: 8%
Magic:  5/11       EV: 13    Int: 20    God:
Gold:   172        SH:  0    Dex: 15    Spells: 2 memorised, 6 levels left

rFire  x . .     SeeInvis .     (no weapon)
rCold  + . .     Gourm    .     a - +0 robe
rNeg   . . .     Faith    .     (no shield)
rPois  .         Spirit   .     (no helmet)
rElec  .         Reflect  .     (no cloak)
rCorr  .         Harm     .     (no gloves)
MR     .....                    (no boots)
Stlth  +++.......               (no amulet)
                                j - ring of stealth
                                e - ring of ice

@: very slightly contaminated
A: no striking features
a: no special abilities


You were on level 4 of the Dungeon.
You were hungry.

You visited 1 branch of the dungeon, and saw 4 of its levels.

You collected 172 gold pieces.

Inventory:

Armour
 a - a +0 robe (worn)
Jewellery
 e - a ring of ice (left hand)
 j - a ring of stealth (right hand)
Scrolls
 g - 5 scrolls of remove curse {unknown}
 h - 6 scrolls of identify {unknown}
 i - a scroll of magic mapping {unknown}
 k - a scroll of enchant weapon {unknown}
 m - a scroll of immolation {unknown}
 q - a scroll of enchant armour {unknown}
 r - a scroll of teleportation {unknown}
 s - a scroll of amnesia {unknown}
 u - a scroll of fear {unknown}
 y - a scroll of noise {unknown}
Potions
 d - 2 potions of curing {unknown}
 l - a potion of ambrosia {unknown}
 n - a potion of flight {unknown}
 o - a potion of heal wounds {unknown}
 p - a potion of agility {unknown}
 t - a potion of beneficial mutation {unknown}
 v - a potion of mutation {unknown}
 w - 3 potions of brilliance {unknown}
 A - a potion of resistance {unknown}
Books
 b - a book of Conjurations

   Spells                             Type                      Level
   a - Magic Dart                     Conjuration                  1
   b - Searing Ray                    Conjuration                  2
   c - Dazzling Spray                 Conjuration/Hexes            3
   d - Fulminant Prism                Conjuration/Hexes            4
   e - Iskenderun's Mystic Blast      Conjuration                  4
   f - Iskenderun's Battlesphere      Conjuration/Charms           5
Comestibles
 c - 4 bread rations
 f - 3 meat rations
 x - a slice of pizza
 z - a royal jelly


   Skills:
 - Level 2.4 Dodging
 - Level 2.4 Stealth
 - Level 3.0 Spellcasting
 + Level 7.0 Conjurations


You had 6 spell levels left.
You knew the following spells:

 Your Spells              Type           Power        Failure   Level  Hunger
a - Magic Dart            Conj           ####         1%          1    None
b - Dazzling Spray        Conj/Hex       ###...       12%         3    ###....


Dungeon Overview and Level Annotations

Branches:
Dungeon (4/15)
 Temple: D:4-7

Altars:
Gozag
Kikubaaqudgha
Nemelex Xobeh
Xom

Annotations:
D:4 Menkaure


Message History

Your body is wracked with pain!
Casting: Magic Dart
Confirm with . or Enter, or press ? or * to list all spells.
Aiming: Magic Dart
Press: ? - help, Shift-Dir - straight line, f/p - Menkaure
Aim: Menkaure (heavily damaged)
The magic dart hits Menkaure.
Menkaure is severely damaged.
Menkaure points at you and mumbles some strange words.
Pain shoots through your body!
Casting: Magic Dart
Confirm with . or Enter, or press ? or * to list all spells.
Aiming: Magic Dart
Press: ? - help, Shift-Dir - straight line, f/p - Menkaure
Aim: Menkaure (severely damaged)
The magic dart hits Menkaure.
Menkaure is almost destroyed.
Menkaure points at you and mumbles some strange words.
Pain shoots through your body!
You die...

##....####
##<#....#
#.####.# #.#
#.# ..####.#
..#....# ..
...#.######....
.###.##.M......
#.##@#
####.##.#
#.......#
#.##.##..# #
#....## ####..
#.#. ..##. .##
##


You could see Menkaure.

Vanquished Creatures
  Natasha (thrice) (D:2)
  2 worms
  A leopard gecko (D:1)
  6 orcs (D:3)
  3 giant cockroaches
  6 goblins
  7 hobgoblins
  5 jackals (D:1)
  9 kobolds
  A quokka (D:2)
  A ball python (D:2)
  6 bats
  2 frilled lizards
  5 rats
57 creatures vanquished.

Notes
Turn   | Place    | Note
-------+----------+-------------------------------------------
     0 | D:1      | tof the Deep Elf Conjurer began the quest for the Orb.
     0 | D:1      | Reached XP level 1. HP: 10/10 MP: 6/6
   304 | D:1      | Reached XP level 2. HP: 15/15 MP: 6/8
   323 | D:1      | Reached skill level 5 in Conjurations
  1566 | D:2      | Reached XP level 3. HP: 19/19 MP: 5/9
  1704 | D:2      | Noticed Natasha
  1708 | D:2      | Killed Natasha
  1708 | D:2      | Reached skill level 6 in Conjurations
  2037 | D:2      | Reached XP level 4. HP: 24/24 MP: 7/10
  2343 | D:2      | Found a faded altar of an unknown god.
  2378 | D:2      | Noticed Natasha
  2383 | D:2      | Killed Natasha
  2489 | D:2      | Noticed Natasha
  2492 | D:2      | Killed Natasha
  2769 | D:3      | Found an ancient bone altar of Kikubaaqudgha.
  2880 | D:3      | Found an opulent altar of Gozag.
  2885 | D:3      | Found a sparkling altar of Nemelex Xobeh.
  3304 | D:3      | Found a faded altar of an unknown god.
  3304 | D:3      | Found a faded altar of an unknown god.
  3309 | D:3      | Found a shimmering altar of Xom.
  3311 | D:3      | Found a faded altar of an unknown god.
  3312 | D:3      | Found a faded altar of an unknown god.
  3353 | D:3      | Reached skill level 7 in Conjurations
  3353 | D:3      | Reached XP level 5. HP: 28/28 MP: 8/11
  3731 | D:4      | Learned a level 3 spell: Dazzling Spray
  3816 | D:4      | Noticed Menkaure
  3846 | D:4      | Killed from afar by Menkaure

Skill      XL: |  1  2  3  4 |
---------------+-------------+-----
Conjurations   | 5 6 7 |  7.0
Dodging        | |  2.4
Stealth        | |  2.4
Spellcasting   | |  3.0

Action                   |  1- 3 |  4- 6 || total
-------------------------+-------+-------++-------
Melee: Unarmed           |    37 |       ||    37
 Cast: Magic Dart        |    73 |    53 ||   126
       Dazzling Spray    |       |     1 ||     1
  Eat: Chunk             |     3 |     5 ||     8
Armor: Robe              |     8 |     1 ||     9
Dodge: Dodged            |    38 |    10 ||    48
